 Dungeon Crawl Stone Soup version 0.26-a0-846-gcc8f1ee719 (webtiles) character file.

Game seed: 10417545520447589074

12741 marklar909 the Slinger (level 12, -1/88 HPs)
             Began as a Halfling Hunter on Nov 20, 2020.
             Was a High Priest of Okawaru.
             Slain by a salamander
             ... wielding a +0 halberd
              (7 damage)
             ... in a volcano.
             The game lasted 00:16:47 (13065 turns).

marklar909 the Slinger (Halfling Hunter)           Turns: 13065, Time: 00:16:48

Health: -1/88      AC: 17    Str: 18    XL:     12   Next: 24%
Magic:  15/15      EV: 22    Int: 11    God:    Okawaru [*****.]
Gold:   619        SH:  0    Dex: 18    Spells: 11/11 levels left

rFire    . . .     SeeInvis .   b - +4 hunting sling (freeze)
rCold    . . .     Faith    .   (shield restricted)
rNeg     . . .     Spirit   .   J - +2 scale mail of Bitterness {-Cast MR+ Str+3 Int+2}
rPois    .         Reflect  .   I - +0 helmet
rElec    .         Harm     .   m - +1 cloak
rCorr    .         Rampage  .   x - +1 pair of gloves
MR       +....     NoCast   +   l - +0 pair of boots
Stlth    +.........             r - amulet of the acrobat
HPRegen  0.24/turn              f - +4 ring of evasion
MPRegen  0.14/turn              (no ring)

@: no status effects
A: small, mutation resistance 1
a: Heroism, Finesse, Renounce Religion


You were in a volcano.
You worshipped Okawaru.
Okawaru was extremely pleased with you.
You visited 2 branches of the dungeon, and saw 12 of its levels.
You also visited: Volcano.

You collected 619 gold pieces.

Inventory:

Hand Weapons
 a - a +2 hunting sling of venom
 b - a +4 hunting sling of freezing (weapon)
Missiles
 d - 241 sling bullets
 g - 145 stones (quivered)
Armour
 l - a +0 pair of boots (worn)
 m - a +1 cloak (worn)
 x - a +1 pair of gloves (worn)
 I - a +0 helmet (worn)
 J - the +2 scale mail of Bitterness (worn) {-Cast MR+ Str+3 Int+2}
   (You found it on level 1 of the Lair of Beasts)

   It affects your strength (+3).
   It affects your intelligence (+2).
   It affects your resistance to hostile enchantments.
   It prevents spellcasting.
Jewellery
 f - a +4 ring of evasion (left hand)
 r - an amulet of the acrobat (around neck)
Wands
 w - a wand of digging (4)
 y - a wand of disintegration (17)
 z - a wand of flame (37)
 A - a wand of random effects (4)
 D - a wand of paralysis (7)
 E - a wand of enslavement (6)
 H - a wand of acid (6)
Scrolls
 e - a scroll of silence {unknown}
 n - 2 scrolls of vulnerability
 o - 4 scrolls of fog
 p - 4 scrolls of remove curse
 u - 2 scrolls of teleportation
 v - a scroll of enchant armour
 F - a scroll of amnesia
 G - 2 scrolls of magic mapping
 K - a scroll of brand weapon
Potions
 c - a potion of heal wounds
 h - 2 potions of brilliance
 i - 2 potions of lignification
 j - a potion of attraction {unknown}
 k - a potion of magic {unknown}
 q - 2 potions of curing
 s - 3 potions of haste {unknown}
 t - a potion of mutation {unknown}
 B - 3 potions of flight {unknown}
 C - a potion of ambrosia {unknown}


   Skills:
 * Level 10.5 Fighting
 + Level 14.7 Slings
 * Level 8.0 Armour
 * Level 7.9 Dodging
 + Level 2.2 Stealth
 * Level 4.5 Invocations
 + Level 0.1 Evocations


You had 11 spell levels left.
You didn't know any spells.
Your spell library contained the following spells:

 Spells                   Type           Power        Failure   Level
 Animate Skeleton         Necr           #.....       67%         1
 Apportation              Tloc           #.....       67%         1
 Corona                   Hex            #......      67%         1
 Sandblast                Erth           #.....       67%         1
 Summon Small Mammal      Summ           #...         67%         1
 Call Imp                 Summ           #.......     82%         2
 Passwall                 Tmut/Erth      #.......     82%         2
 Call Canine Familiar     Summ           #.......     96%         3
 Stone Arrow              Conj/Erth      #.....       96%         3
 Summon Guardian Golem    Hex/Summ       #.......     96%         3
 Petrify                  Tmut/Erth      #.......     100%        4
 Summon Ice Beast         Ice/Summ       #.......     100%        4
 Summon Lightning Spire   Summ/Air       #.......     100%        4
 Lee's Rapid Deconstruct  Erth           #.........   100%        5


Dungeon Overview and Level Annotations

Branches:
Dungeon (10/15)            Temple (0/1) D:4            Lair (2/6) D:10
Volcano (1/1)
  Swamp: Lair:2-4    Shoals: Lair:2-4     Snake: Lair:2-4    Spider: Lair:2-4
    Orc: D:9-12

Altars:
Elyvilon
Fedhas
Kikubaaqudgha
Makhleb
Nemelex Xobeh
Okawaru
Ru
Trog
Uskayaw
Vehumet
Wu Jian
Xom
Yredelemnul
Zin
The Shining One

Shops:
D:5 :

Annotations:
D:4 Blork the orc


Innate Abilities, Weirdness & Mutations

You are small and have problems with some larger weapons.
You are somewhat resistant to further mutation.


Message History

The salamander hits you from afar with a +0 spear!
* * * LOW HITPOINT WARNING * * *
You are engulfed in flames!
* * * LOW HITPOINT WARNING * * *
Firing (i - inventory. (/) - cycle)
g - 147 stones (quivered)
Press: ? - help, Shift-Dir - straight line, f/p - salamander
Aim: a salamander, wielding a +0 halberd (lightly wounded)
You shoot a stone. The stone hits the salamander!
The stone freezes the salamander.
The salamander is moderately wounded.
Unknown command.
Firing (i - inventory. (/) - cycle)
g - 146 stones (quivered)
Press: ? - help, Shift-Dir - straight line, f/p - salamander
Aim: a salamander, wielding a +0 halberd (moderately wounded)
You shoot a stone. The stone hits the salamander.
The stone freezes the salamander.
The salamander is heavily wounded.
The salamander misses you.
The salamander hits you from afar with a +0 halberd!
You die...

≈≈≈≈≈≈≈ ≈≈≈≈≈≈≈###
≈≈≈≈≈≈.... ≈≈≈≈≈≈≈..
≈≈≈≈≈≈≈.. ###
≈≈≈≈≈≈≈.##.)##
≈≈≈≈≈≈..#N$..#
≈≈≈≈≈.≈()N...#
≈≈≈≈≈≈≈@#....#
≈≈≈≈≈≈≈..##N.##
≈≈≈≈≈≈≈≈..####°°○§
≈≈≈≈≈≈≈≈...°.°°.≈≈ §§ ≈
≈≈≈≈≈≈≈≈..####.○○○°≈≈≈#
≈≈≈≈≈≈.≈.## #°.°≈°°°≈
≈≈≈≈≈≈≈..# #○.°°≈°○○
≈≈≈≈≈≈≈≈.# +°°≈≈°≈○≈
≈≈≈≈≈≈≈..# #°≈§°°°°#


You could see 2 salamanders.

Vanquished Creatures
  3 two-headed ogres
  Sonja (D:10)
  2 black mambas
  Maurice (D:10)
  A torpor snail (Lair:2)
  3 cane toads
  4 blink frogs (Lair:2)
  13 yaks
  A wyvern (Lair:2)
  A basilisk (Lair:1)
  A fire bat (Volcano)
  Menkaure (D:4)
  2 hell hounds (Volcano)
  6 water moccasins
  An ice beast (D:10)
  3 orc warriors
  3 sky beasts
  A black bear (D:10)
  2 phantoms
  A necrophage (D:7)
  6 centaurs
  6 ogres
  A big kobold (D:9)
  5 bullfrogs
  8 killer bees
  4 scorpions
  7 wights
  3 vampire bats (D:6)
  A bullfrog zombie (D:9)
  A quasit (D:10)
  A centaur zombie (D:5)
  A jelly (D:9)
  3 hounds
  7 orc wizards
  4 orc priests
  2 iguanas
  4 worker ants
  Robin (D:4)
  A howler monkey skeleton (D:8)
  6 adders
  3 gnolls
  4 shadow imps
  A white imp (D:6)
  An ufetubus (D:6)
  An ooze (D:2)
  2 adder skeletons
  3 worms
  3 dart slugs
  5 leopard geckos
  35 orcs
  2 giant cockroaches
  11 goblins
  8 hobgoblins
  8 jackals
  3 quokkas
  A ball python (D:4)
  11 bats
  11 frilled lizards
  9 kobolds
  A quokka zombie (D:8)
  8 rats
254 creatures vanquished.

Vanquished Creatures (others)
  10 fungi
  5 plants
15 creatures vanquished.

Grand Total: 269 creatures vanquished

Notes
Turn   | Place    | Note
-------+----------+-------------------------------------------
     0 | D:1      | marklar909 the Halfling Hunter began the quest for the Orb.
     0 | D:1      | Reached XP level 1. HP: 14/14 MP: 1/1
    91 | D:1      | Reached skill level 6 in Slings
   294 | D:1      | Reached XP level 2. HP: 18/19 MP: 2/2
   768 | D:2      | Reached XP level 3. HP: 14/24 MP: 3/3
   777 | D:1      | Reached skill level 7 in Slings
  1072 | D:2      | Reached XP level 4. HP: 29/29 MP: 4/4
  1428 | D:2      | Found a white marble altar of Elyvilon.
  1775 | D:3      | Reached skill level 8 in Slings
  1775 | D:3      | Reached XP level 5. HP: 31/34 MP: 5/5
  2163 | D:3      | Found a bloodstained altar of Trog.
  2163 | D:3      | Found a radiant altar of Vehumet.
  2629 | D:3      | Reached skill level 1 in Armour
  2629 | D:3      | Reached XP level 6. HP: 13/41 MP: 6/6
  2896 | D:4      | Reached skill level 9 in Slings
  3151 | D:4      | Noticed Menkaure
  3157 | D:4      | Killed Menkaure
  3158 | D:4      | Reached XP level 7. HP: 46/46 MP: 7/7
  3563 | D:4      | Noticed Blork the orc
  3591 | D:4      | Found a burning altar of Makhleb.
  3591 | D:4      | Found a sacrificial altar of Ru.
  3844 | D:5      | Entered Level 5 of the Dungeon
  3847 | D:5      | Found an iron altar of Okawaru.
  3876 | D:5      | Became a worshipper of Warmaster Okawaru
  4299 | D:5      | Reached * piety under Okawaru
  4393 | D:5      | Found a sacrificial altar of Ru.
  4406 | D:5      | Found Nuaviq's Book Shoppe.
  4557 | D:5      | Reached skill level 10 in Slings
  4830 | D:4      | Reached XP level 8. HP: 54/54 MP: 8/8
  4845 | D:4      | Noticed Robin
  4867 | D:4      | Killed Robin
  4895 | D:4      | Found a basalt altar of Yredelemnul.
  4929 | D:4      | Found a staircase to the Ecumenical Temple.
  5317 | D:4      | Got an encrusted helmet
  5318 | D:4      | Identified the cursed +0 helmet "Houlis" {Harm rElec Str-4}
                  | (You found it on level 4 of the Dungeon)
  5403 | D:6      | Found a blossoming altar of Fedhas.
  5579 | D:6      | Found a glowing golden altar of the Shining One.
  5831 | D:6      | Reached ** piety under Okawaru
  5976 | D:6      | Found a shimmering altar of Xom.
  5980 | D:6      | Found a hide-covered altar of Uskayaw.
  5981 | D:6      | Found an ornate altar of the Wu Jian Council.
  6022 | D:6      | Reached skill level 5 in Fighting
  6022 | D:6      | Reached skill level 11 in Slings
  6313 | D:6      | Reached XP level 9. HP: 61/61 MP: 9/9
  6578 | D:7      | Reached skill level 12 in Slings
  7003 | D:7      | Reached *** piety under Okawaru
  7271 | D:7      | Reached skill level 5 in Dodging
  7545 | D:7      | Found a sparkling altar of Nemelex Xobeh.
  7942 | D:8      | Identified the +1 robe of Inaction {rPois MR+ rCorr}
  8117 | D:8      | Reached XP level 10. HP: 71/71 MP: 10/10
  8574 | D:9      | Found an ancient bone altar of Kikubaaqudgha.
  8585 | D:9      | Received a gift from Okawaru
  8740 | D:9      | Reached **** piety under Okawaru
  8824 | D:9      | Reached skill level 13 in Slings
  8824 | D:9      | Reached skill level 5 in Armour
  8963 | D:9      | Found a glowing silver altar of Zin.
  8994 | D:9      | Reached skill level 1 in Invocations
  9265 | D:9      | Noticed a two-headed ogre
  9286 | D:9      | Killed a two-headed ogre
  9571 | D:9      | Found a white marble altar of Elyvilon.
  9969 | D:10     | Entered Level 10 of the Dungeon
  9971 | D:10     | Noticed Sonja
 10028 | D:10     | Killed Sonja
 10179 | D:10     | Noticed a two-headed ogre
 10197 | D:10     | Killed a two-headed ogre
 10197 | D:10     | Received a gift from Okawaru
 10197 | D:10     | Reached ***** piety under Okawaru
 10263 | D:10     | Received a gift from Okawaru
 10264 | D:10     | Reached XP level 11. HP: 76/78 MP: 12/12
 10666 | D:10     | Noticed Maurice
 10691 | D:10     | Killed Maurice
 10692 | D:10     | Reached skill level 14 in Slings
 10883 | D:10     | Found a staircase to the Lair.
 11065 | D:10     | Noticed a two-headed ogre
 11087 | D:10     | Killed a two-headed ogre
 11235 | Lair:1   | Entered Level 1 of the Lair of Beasts
 11261 | Lair:1   | Found a sparkling altar of Nemelex Xobeh.
 11395 | Lair:1   | Received a gift from Okawaru
 11416 | Lair:1   | Got a pitted scale mail
 11417 | Lair:1   | Identified the +2 scale mail of Bitterness {-Cast MR+ Str+3
                  | Int+2} (You found it on level 1 of the Lair of Beasts)
 11943 | Lair:1   | Reached skill level 10 in Fighting
 12450 | Lair:2   | Reached XP level 12. HP: 58/87 MP: 15/15
 12669 | Lair:2   | Received a gift from Okawaru
 12926 | Lair:2   | Found a dark tunnel.
 12946 | Volcano  | Entered a volcano
 13065 | Volcano  | Slain by a salamander

Illustrated notes

Levels and vault maps discovered:
D:1:      minmay_arrival_hallway, layout_basic, kennysheep_nondescript
D:2:      minmay_diamond_boxcup, layout_rooms, elyvilon_altar_3
D:3:      layout_basic, gammafunk_temple_overflow_wave
D:4:      cheibrodos_pilgrimage, layout_basic, old_standard_altar,
          nicolae_overflow_hidden_temple, temple_green, roderic_lattice_a,
          uniq_menkaure, uniq_blork_the_orc, uniq_robin
D:5:      layout_loops_cross, kennysheep_mini, serial_shops,
          nicolae_shop_temple_entry_statues_fountains, minmay_parallelograms,
          lemuel_statue_altar
D:6:      layout_loops_ring, minitemple, marbit_many_paths, roderic_batcave
D:7:      layout_loops_ring, lemuel_altar_in_water2
D:8:      layout_basic, lemuel_flamethrower_2
D:9:      layout_long_grid, lemuel_doored_altar, overflow_temple_1_default,
          basic_altar, kennysheep_generic_room_10
D:10:     layout_loops_ring, grunt_lair_entry_orc_guard_hut,
          lightli_orcish_oven, uniq_maurice, uniq_sonja
Lair:1:   layout_chaotic_city, basic_altar, st_stairs_5,
          infiniplex_staircase_pool
Lair:2:   layout_roguey, nicolae_volcano_entry_hallway
Volcano:  volcano_village

Skill      XL: |  1  2  3  4  5  6  7  8  9 10 11 12 |
---------------+-------------------------------------+-----
Slings         | 6 7 8 9 10 11 12 13 14 | 14.7
Fighting       | 2 3 5 7 8 10 | 10.5
Armour         | 1 2 3 4 6 7 8 |  8.0
Dodging        | 3 4 5 6 7 |  7.9
Stealth        | 2 |  2.2
Invocations    | 2 4 |  4.5
Evocations     | |  0.1

Action                   |  1- 3 |  4- 6 |  7- 9 | 10-12 || total
-------------------------+-------+-------+-------+-------++-------
Melee: Hunting sling     |       |       |     1 |       ||     1
 Fire: Hunting sling     |    70 |   215 |   570 |   573 ||  1428
Invok: Heroism           |       |       |       |     1 ||     1
Evoke: Wand              |       |       |     5 |     1 ||     6
  Use: Potion            |       |     1 |       |       ||     1
       Scroll            |       |       |    12 |     8 ||    20
Armor: Leather armour    |     1 |       |       |       ||     1
       Ring mail         |     8 |    43 |    40 |       ||    91
       Chain mail        |       |       |    10 |    36 ||    46
       Scale mail        |       |       |       |    16 ||    16
Dodge: Dodged            |    12 |    67 |   187 |   172 ||   438

Table legend: (Time is in decaauts)
 A = Elapsed time spent in this place.
 B = Non-inter-level travel time spent in this place.
 C = Inter-level travel time spent in this place.
 D = Time resting spent in this place.
 E = Time spent auto-exploring this place.
 F = Levels seen in this place.
 G = Mean time per level.
                   A        B        C        D        E       F      G
               +--------+--------+--------+--------+--------+-----+--------+
         Total |  12611 |  11881 |    730 |    744 |   9289 |  13 |  970.1 |
       Dungeon |  10860 |  10169 |    691 |    730 |   7832 |  10 | 1086.0 |
          Lair |   1643 |   1604 |     39 |      0 |   1406 |   2 |  821.5 |
       Volcano |    107 |    107 |      0 |     14 |     51 |   1 |  107.0 |
               +--------+--------+--------+--------+--------+-----+--------+

Top non-repeatable levels by time:
     D:4: 1618 daAuts
     D:7: 1457 daAuts
     D:9: 1252 daAuts
    D:10: 1166 daAuts
     D:6: 1061 daAuts
     D:3: 998 daAuts
     D:5: 994 daAuts
     D:1: 966 daAuts
  Lair:1: 943 daAuts
     D:2: 758 daAuts
  Lair:2: 699 daAuts
     D:8: 586 daAuts
 Volcano: 107 daAuts
